Map: New Repugnancy LE

Players

sirshane - Winner!

  • Race: Zerg Zerg
  • Spawn Location: 7:00

Saint

  • Race: Terran Terran
  • League: Master
  • Spawn Location: 1:00

VOD

Have the link to the VOD?

Description

Time

  • Played on: Feb. 21, 2019, 5:57 p.m.
  • Length: 12:21
Show
View Real Time Build Order
Export as new Build Order

sirshane Zerg - Winner!

Build Orders: Pool First, Swarm Host 

Get SALT Encoding   

  12  0:00  Drone  
  13  0:08  Drone  
  13  0:12  Extractor  
  13  0:14  Drone  
  14  0:32  Spawning Pool  
  13  0:36  Drone  
  14  0:44  Overlord  
  14  0:51  Extractor  
  14  0:52  Drone  
  15  1:19  Zergling x6  
  15  1:20  Queen  
  20  1:26  Metabolic Boost  
  20  1:30  Zergling x2  
  21  1:50  Hatchery  
  21  1:54  Drone  
  21  1:57  Drone  
  22  2:04  Overlord  
  21  2:30  Drone x2  
  21  2:31  Queen  
  21  2:35  Overlord  
  21  2:36  Drone  
  25  2:41  Zergling x2  
  26  2:46  Drone  
  26  2:59  Drone  
  26  3:04  Zergling x8  
  31  3:10  Drone  
  31  3:15  Drone  
  32  3:28  Hatchery  
  32  3:32  Drone x3  
  33  3:34  Drone x3  
  33  3:38  Drone  
  37  3:47  Drone x2  
  40  3:55  Drone  
  40  3:58  Drone x3  
  40  4:01  Drone, Extractor  
  43  4:05  Drone  
  43  4:06  Overlord  
  44  4:12  Overlord  
  44  4:15  Overlord  
  44  4:20  Roach Warren  
  44  4:21  Drone  
  44  4:27  Drone x2, Evolution Chamber  
  44  4:28  Spine Crawler  
  44  4:32  Drone x2  
  44  4:37  Drone x2  
  48  4:46  Drone x3  
  48  4:52  Queen  
  53  4:56  Zerg Missile Weapons Level 1  
  53  4:58  Extractor  
  52  5:09  Extractor  
  52  5:11  Drone x4  
  52  5:12  Zergling x12  
  61  5:16  Drone  
  61  5:18  Queen  
  64  5:22  Drone  
  64  5:24  Overlord x2  
  65  5:31  Drone  
  65  5:33  Lair  
  65  5:41  Spine Crawler  
  65  5:42  Drone x2, Overlord  
  66  5:43  Overlord  
  66  5:46  Drone x3  
  66  5:47  Drone  
  70  5:50  Drone  
  70  5:51  Drone  
  70  5:52  Drone  
  73  5:57  Overlord  
  73  6:06  Roach x5  
  73  6:11  Roach x3  
  89  6:17  Roach  
  89  6:18  Roach  
  93  6:20  Roach x2  
  93  6:24  Overlord  
  93  6:25  Overlord x2  
  89  6:47  Queen  
  89  6:49  Roach x7  
  100  6:59  Drone x5  
  100  7:01  Zerg Missile Weapons Level 2  
  100  7:03  Drone x3  
  100  7:06  Glial Reconstitution  
  103  7:08  Drone x2  
  105  7:15  Drone  
  105  7:16  Drone  
  105  7:22  Infestation Pit  
  106  7:28  Hatchery  
  105  7:30  Drone x3  
  105  7:32  Extractor  
  105  7:34  Extractor  
  105  7:35  Spore Crawler  
  105  7:36  Spore Crawler  
  104  7:43  Hatchery  
  103  7:47  Queen  
  103  7:49  Drone x3  
  103  7:50  Spine Crawler, Drone  
  103  7:51  Drone x2  
  110  7:52  Spine Crawler  
  110  7:54  Roach x4  
  110  7:55  Ravager x3  
  110  7:56  Ravager x2  
  122  8:00  Overlord x2  
  122  8:28  Burrow  
  119  8:39  Swarm Host x3  
  119  8:40  Swarm Host x5  
  143  8:41  Overlord  
  143  8:42  Overlord x2  
  143  8:51  Zergling x2  
  143  8:52  Overlord x3  
  143  8:53  Overlord  
  144  9:02  Evolution Chamber  
  143  9:06  Drone  
  143  9:07  Drone x2  
  144  9:17  Swarm Host x7  
  144  9:23  Drone x5  
  144  9:24  Drone  
  171  9:25  Spore Crawler  
  171  9:27  Spine Crawler x2  
  171  9:29  Spine Crawler, Swarm Host  
  171  9:30  Swarm Host x3  
  173  9:39  Zerg Ground Armor Level 1  
  173  9:40  Zerg Melee Weapons Level 1  
  173  9:44  Spore Crawler  
  173  9:45  Drone x3, Spore Crawler  
  170  10:13  Zergling x2  
  170  10:14  Zergling x32  
  178  10:20  Baneling Nest  
  180  10:42  Zergling x8  
  170  10:43  Zergling x18  
  170  10:49  Extractor  
  178  10:50  Zergling x4, Extractor  
  179  11:01  Zergling x8  
  182  11:09  Hatchery  
  149  11:32  Baneling  
  149  11:33  Baneling x12  
  149  11:34  Zergling x2  
  149  11:35  Zergling x24  
  154  12:01  Zergling x12  
  154  12:02  Zergling x6  
  154  12:06  Drone x3  
  163  12:08  Drone  
  163  12:09  Drone x2  
Show
View Real Time Build Order
Export as new Build Order

Saint Terran 

Build Orders: Reaper Expand 

Get SALT Encoding   

  12  0:03  SCV  
  13  0:15  SCV  
  13  0:18  Supply Depot  
  14  0:27  SCV  
  15  0:40  SCV  
  15  0:41  Barracks  
  16  0:52  Refinery  
  16  0:54  SCV  
  17  1:06  SCV  
  18  1:18  SCV  
  19  1:31  Orbital Command  
  19  1:42  Reaper  
  19  1:43  Command Center  
  20  1:56  Refinery  
  20  1:58  Supply Depot, SCV  
  21  2:10  SCV  
  21  2:14  Marine  
  22  2:48  Factory  
  22  2:50  Barracks Reactor  
  20  3:16  SCV  
  21  3:28  Command Center, SCV  
  21  3:29  Factory  
  21  3:30  Factory  
  21  3:45  Hellion  
  21  3:52  Command Center  
  21  3:54  SCV  
  22  4:18  Factory Reactor, Factory Tech Lab  
  22  4:22  Hellion  
  22  4:23  Hellion  
  26  4:26  SCV  
  27  4:38  SCV  
  28  4:40  Cyclone  
  28  4:44  Orbital Command  
  31  4:49  Hellion  
  33  5:00  Hellion  
  33  5:01  Hellion  
  37  5:11  Orbital Command  
  37  5:21  SCV  
  39  5:26  Orbital Command  
  38  5:32  Hellion x2  
  42  5:38  Hellion  
  42  5:39  Hellion  
  46  5:46  SCV x2  
  48  5:53  Hellion  
  48  5:54  Hellion  
  52  5:57  Cyclone  
  52  6:00  SCV  
  52  6:02  SCV  
  57  6:04  SCV  
  58  6:14  Supply Depot  
  58  6:16  Supply Depot  
  58  6:23  Hellion  
  60  6:36  Hellion x3  
  66  6:58  Cyclone  
  66  6:59  Hellion x2  
  66  7:00  Hellion  
  66  7:01  Hellion, SCV x3  
  72  7:13  Factory, SCV  
  72  7:14  Factory, SCV x2  
  75  7:25  SCV  
  75  7:26  SCV  
  69  7:31  Cyclone, Hellion x2  
  76  7:39  Hellion  
  76  7:43  Supply Depot  
  78  7:45  Supply Depot  
  78  7:46  Supply Depot  
  78  7:47  SCV x2  
  80  7:52  Infernal Pre-Igniter  
  80  7:57  Factory Tech Lab x2  
  80  8:05  Orbital Command  
  80  8:19  Cyclone x3  
  89  8:23  Mag-Field Accelerator  
  89  8:25  SCV x2  
  89  8:26  Hellion x3  
  99  8:27  Hellion  
  97  8:42  SCV  
  97  8:43  SCV x2  
  97  8:44  Refinery  
  97  8:46  Refinery  
  98  8:50  Hellion  
  98  8:51  Hellion x3  
  98  8:53  Supply Depot  
  98  8:54  SCV  
  98  8:55  SCV  
  108  8:56  Supply Depot  
  108  9:07  SCV  
  107  9:15  Cyclone x2  
  111  9:17  Cyclone  
  111  9:18  Hellion x2  
  111  9:19  Hellion x2, SCV  
  111  9:22  SCV x2  
  125  9:31  SCV  
  124  9:38  Supply Depot  
  124  9:39  Supply Depot x2  
  124  9:42  Hellion x3  
  124  9:44  Hellion  
  132  9:49  Cyclone  
  131  9:57  Cyclone  
  132  10:00  Cyclone  
  132  10:01  SCV  
  132  10:02  SCV x2  
  134  10:14  SCV  
  133  10:16  Hellion x3  
  133  10:17  Hellion  
  133  10:21  Cyclone  
  144  10:29  Cyclone  
  144  10:30  SCV  
  144  10:31  SCV x2  
  144  10:35  Supply Depot  
  150  10:36  Supply Depot x2  
  142  10:43  SCV x3  
  142  10:44  Cyclone, Hellion  
  150  10:52  Hellion x3  
  150  10:56  Cyclone  
  142  11:28  Cyclone x3  
  142  11:29  Hellion x4  
  159  11:39  Supply Depot  
  159  11:41  Supply Depot  
  159  11:50  Hellion x3  
  159  11:53  Hellion  
Tags
 
Add a new tag
Caveats
  • Supply blocks, unpowered buildings, or Contaminate may cause inaccurate times.
  • Supply counts are checked every 10 seconds.